 Dungeon Crawl Stone Soup version 0.18.1-50-g88ac8fd (webtiles) character file.

54 Nordron the Changer (level 3, -2/23 HPs)
             Began as an Octopode Transmuter on Oct 2, 2016.
             Killed from afar by Sigmund (6 damage)
             ... with a puff of flame
             ... on level 2 of the Dungeon.
             The game lasted 00:03:48 (777 turns).

Nordron the Changer (Octopode Transmuter)            Turns: 777, Time: 00:03:48

Health: -2/23      AC:  1    Str:  7 (9)  XL:     3   Next: 91%
Magic:  6/6        EV: 12    Int: 14 (15) God:
Gold:   64         SH:  0    Dex: 11 (13) Spells: 1 memorised, 5 levels left

rFire  . . .     SeeInvis .     d - +2 spear (venom)
rCold  . . .     Gourm    .     (no shield)
rNeg   . . .     Faith    .     (helmet restricted)
rPois  +         Spirit   .     (no amulet)
rElec  .         Dismiss  .     e - ring of poison resistance
rCorr  +         Reflect  .     k - ring of resist corrosion
SustAt .         Harm     .     (no ring)
MR     .....                    (no ring)
Stlth  ++........               (no ring)
                                (no ring)
                                (no ring)
                                (no ring)

@: not resistant to hostile enchantments, unstealthy
A: almost no armour, amphibious, 8 rings, constrict 8, camouflage 1, gelatinous
body 1
a: no special abilities


You were on level 2 of the Dungeon.
You were not hungry.

You visited 1 branch of the dungeon, and saw 2 of its levels.

You collected 64 gold pieces.

Inventory:

Hand Weapons
 d - a +2 spear of venom (weapon)
 o - a +0 dagger of flaming
Missiles
 a - 12 arrows
Jewellery
 e - a ring of poison resistance (left tentacle)
 k - a ring of resist corrosion (right tentacle)
Scrolls
 g - 2 scrolls of noise {unknown}
 h - a scroll of immolation {unknown}
 i - a scroll of enchant armour {unknown}
 j - 2 scrolls of recharging {unknown}
 l - a scroll of fog {unknown}
 m - a scroll of identify {unknown}
Books
 b - a book of Changes

   Spells                             Type                      Level
   a - Beastly Appendage              Transmutation                1
   b - Sticks to Snakes               Transmutation                2
   c - Spider Form                    Transmutation/Poison         3
   d - Ice Form                       Ice/Transmutation            4
   e - Blade Hands                    Transmutation                5
Comestibles
 c - 2 bread rations
 f - 3 chunks of flesh


   Skills:
 - Level 1.0 Fighting
 - Level 2.0 Dodging
 - Level 3.0 Unarmed Combat
 - Level 2.0 Spellcasting
 * Level 4.0 Transmutations


You had 5 spell levels left.
You knew the following spells:

 Your Spells              Type           Power        Failure   Level  Hunger
a - Beastly Appendage     Trmt           ##....       4%          1    ##.....


Dungeon Overview and Level Annotations

Branches:
Dungeon (2/15)

Altars:

Annotations:
D:2 Sigmund, Terence


Innate Abilities, Weirdness & Mutations

You cannot wear most types of armour.
You are amphibious.
You can wear up to eight rings at the same time.
You can use your tentacles to constrict eight enemies at once.
Your skin changes colour to match your surroundings (Stealth).
Your rubbery body absorbs attacks (AC +1).


Message History

The bat hits you but does no damage.
The bat struggles to escape constriction.
The bat barely misses you.
You hit the bat.
You kill the bat!
Something hits you!
* * * LOW HITPOINT WARNING * * *
You are too injured to fight recklessly!
Drink which item? (? for menu, Esc to quit)
Okay, then.
Drink which item? (? for menu, Esc to quit)
It was a potion of degeneration.
There was something very wrong with that liquid.
You feel weakened.
You feel dopey.
You feel clumsy.
You see here a rat corpse.
Terence the Incautious comes into view.
He is wielding a short sword.
Found 18 gold pieces.
A puff of flame appears from out of thin air!
The puff of flame hits you!
You die...

..# #.#. #.#.# $
#.#.# . .. #.#.# ..
...#####.#.#####...
.........#.........
...@....@#.........
#####...#........#
.. ###†#..†.....#
#.# ##...########
.#.###......# ###.
##.#..........#
..#<
#..#..........#
##.#.
#.<#..........#
...#.
#.##.......####


You could see Terence.

Vanquished Creatures
  An adder (D:2)
  An ooze (D:1)
  2 giant geckos
  5 bats
  3 giant cockroaches
  5 goblins
  4 hobgoblins
  5 jackals
  2 giant newts
  A kobold (D:1)
  9 rats
38 creatures vanquished.

Notes
Turn   | Place    | Note
--------------------------------------------------------------
     0 | D:1      | Nordron the Octopode Transmuter began the quest for the Orb.
     0 | D:1      | Reached XP level 1. HP: 13/13 MP: 3/3
   109 | D:1      | Reached XP level 2. HP: 14/18 MP: 5/5
   154 | D:1      | Reached skill level 3 in Transmutations
   278 | D:1      | Reached XP level 3. HP: 12/23 MP: 6/6
   765 | D:2      | Noticed Sigmund
   769 | D:2      | Reached skill level 4 in Transmutations
   776 | D:2      | Noticed Terence
   777 | D:2      | Killed from afar by Sigmund

Skill      XL: |  1  2  3 |
---------------+----------+-----
Transmutations | 3 4 |  4.0
Fighting       | |  1.0
Dodging        | |  2.0
Unarmed Combat | |  3.0
Spellcasting   | |  2.0

Action                   || total
-------------------------++-------
Melee: Spear             ||    72
       Constrict         ||    15
       Unarmed           ||     2
       Tentacles         ||     7
       Kick              ||     3
       Punch             ||     2
 Cast: Beastly Appendage ||     7
  Use: Potion            ||     1
 Stab: Sleeping          ||     7
Armor: Skin              ||     4
Dodge: Dodged            ||    29
